 Dungeon Crawl Stone Soup version 0.31-a0-1603-gbec6b6ccbf (webtiles) character file.

Game seed: 12598479338304290187

55 Xavori the Trooper (level 4, -4/30 (35) HPs)
             Began as a Djinni Chaos Knight on Jan 8, 2024.
             Was a Plaything of Xom.
             Killed from afar by an orc wizard (9 damage)
             ... with a magic dart
             ... on level 3 of the Dungeon.
             The game lasted 00:01:36 (6513 turns).

Xavori the Trooper (Djinni Chaos Knight)            Turns: 6513, Time: 00:01:36

HP:   -4/30 (35)    AC:  7    Str: 11    XL:     4   Next: 14%
Gold: 74            EV:  9    Int: 13    God:    Xom [*.....] SH:  7 Dex: 13

rFire   + + +        a - +0 falchion (chaos)
rCold   x . .        m - +0 kite shield
rNeg    . . .        b - +2 leather armour
rPois   ∞            (helmet restricted)
rElec   .            (no cloak)
rCorr   .            (no gloves)
SInv    .            (boots unavailable)
Will    .....        (no amulet)
Stlth   +            (no ring)
HPRegen 0.25/turn    (no ring)
MPRegen 0.00/turn

%: clarity, infuse magic (-5 HP)
@: flying, heavily drained
A: sickness immunity, fire resistance 3, cold vulnerability 1, float, innate
caster, HP casting, extra vitality 1, horns 1, iridescent scales 1, clarity,
clumsy 1, screaming 1, inability to read after injury 1
a: Renounce Religion


You were on level 3 of the Dungeon.
You worshipped Xom.
You were a special plaything of Xom.
You visited 1 branch of the dungeon, and saw 3 of its levels.

You collected 74 gold pieces.

Inventory:

Hand Weapons
 a - a +0 falchion of chaos (weapon)
Armour
 b - a +2 leather armour (worn)
 m - a +0 kite shield (worn)
Scrolls
 c - a scroll of butterflies
 d - a scroll of vulnerability {unknown}
 e - a scroll of teleportation {unknown}
 j - a scroll of fear {unknown}
 o - a scroll of revelation {unknown}
Potions
 f - a potion of degeneration {unknown}
 g - a potion of magic {unknown}
 h - a potion of resistance {unknown}
 i - a potion of enlightenment {unknown}
 k - a potion of brilliance {unknown}
 l - a potion of attraction {unknown}
 n - a potion of curing {unknown}


   Skills:
 + Level 3.3 Fighting
 + Level 3.0 Long Blades
 + Level 1.6 Armour
 + Level 2.6 Dodging
 + Level 0.2 Shields
 * Level 1.2 Spellcasting
 * Level 1.2 Conjurations
 * Level 1.2 Hexes
   Level 0.0 Charms
 * Level 1.2 Summonings
 * Level 1.2 Necromancy
 * Level 1.2 Translocations
   Level 0.0 Transmutations
 * Level 1.2 Fire Magic
 * Level 1.2 Ice Magic
 * Level 1.2 Air Magic
 * Level 1.2 Earth Magic
 * Level 1.2 Alchemy


You knew the following spells:

 Your Spells              Type           Power      Damage    Failure   Level
a - Necrotise             Necr           16%        1d4       73%         1
Your spell library was empty.

Dungeon Overview and Level Annotations

Branches:
Dungeon (3/15)

Altars:
Dithmenos


Innate Abilities, Weirdness & Mutations

You are immune to sickness and miasma.
You are immune to poison.
Your flesh is almost immune to the effects of heat. (rF+++)
You are vulnerable to cold. (rC-)
You float through the air rather than walking.
You learn spells naturally, not from books.
Your magical power is your life essence.
You have superior vitality. (+4 MHP)
You have a pair of small horns on your head.
You are partially covered in iridescent scales. (AC +2)
You possess an exceptional clarity of mind.
You are clumsy. (Dex -2)
You occasionally shout uncontrollably at your foes.
You occasionally lose the ability to read scrolls when taking damage.


Message History

Something hits you but does no damage.
You hear some strange, mumbled words.
A puff of flame appears from out of thin air!
The puff of flame hits you. You resist.
Unknown command.
No target in view!
You miss something. Your headbutt misses something.
You hear some strange, mumbled words.
Something tries to affect you, but you resist.
You barely miss something. Something hits you.
Something hits you but does no damage.
You barely miss something. Your headbutt misses something.
Something completely misses you.
You hit something. Something hits you. Something hits you but does no damage.
You closely miss something. Something hits you.
You closely miss something. Something hits you but does no damage.
You miss something. Something hits you.
You hear some strange, mumbled words.
A magic dart appears from out of thin air!
The magic dart hits you!
* * * LOW HITPOINT WARNING * * *
You barely miss something.
You hear some strange, mumbled words.
You feel momentarily confused.
You hit something but do no damage. Your headbutt misses something.
Something hits you.
* * * LOW HITPOINT WARNING * * *
Something hits you but does no damage.
You miss something. Your headbutt misses something.
Something hits you but does no damage.
You barely miss something. Something hits you.
* * * LOW HITPOINT WARNING * * *
You hit something but do no damage.
Nothing appears to happen.
Something hits you but does no damage. Something hits you.
* * * LOW HITPOINT WARNING * * *
You miss something.
You hear some strange, mumbled words.
A magic dart appears from out of thin air!
The magic dart hits you!
You die...

#.#. .....
###.#.##..#.#
............
#.........
#........###.#
#...........
#....{)).#
#.....@..######
.....(..<....>..
.#.######.######
.# .. .## .. ..
##


There were no monsters in sight!

Vanquished Creatures
  A dart slug (D:2)
  3 orcs (D:3)
  5 ball pythons
  5 endoplasms
  3 giant cockroaches (D:1)
  4 goblins
  3 hobgoblins
  2 quokkas
  5 bats
  A frilled lizard (D:1)
  8 kobolds
  4 rats
44 creatures vanquished.

Notes
Turn   | Place    | Note
-------+----------+-------------------------------------------
     0 | D:1      | Xavori the Djinni Chaos Knight began the quest for the Orb.
     0 | D:1      | Reached XP level 1. HP: 20/20 MP: 0/0
   173 | D:1      | XOM: divination: detect items
   183 | D:1      | Reached XP level 2. HP: 24/25 MP: 0/0
   300 | D:1      | XOM: silly message
   302 | D:1      | XOM: divination: detect items
   339 | D:1      | Reached XP level 3. HP: 28/30 MP: 0/0
   339 | D:1      | Learned a level 1 spell: Necrotise
   376 | D:1      | XOM: divination: magic mapping
   398 | D:1      | Reached skill level 1 in Spellcasting
   398 | D:1      | Reached skill level 1 in Conjurations
   398 | D:1      | Reached skill level 1 in Hexes
   398 | D:1      | Reached skill level 1 in Summonings
   398 | D:1      | Reached skill level 1 in Necromancy
   398 | D:1      | Reached skill level 1 in Translocations
   398 | D:1      | Reached skill level 1 in Fire Magic
   398 | D:1      | Reached skill level 1 in Ice Magic
   398 | D:1      | Reached skill level 1 in Air Magic
   398 | D:1      | Reached skill level 1 in Earth Magic
   398 | D:1      | Reached skill level 1 in Alchemy
   934 | D:1      | XOM: god gift: 28 gold pieces
   981 | D:1      | XOM: scenery: summon butterflies
  1411 | D:1      | XOM: give mutation
  1411 | D:1      | Gained mutation: You have a pair of small horns on your
                  | head. [Xom's grace]
  1535 | D:1      | XOM: noise
  1732 | D:1      | XOM: god gift: glowing brass ring {god gift}
  3195 | D:1      | XOM: divination: detect items
  3714 | D:1      | XOM: silly message
  4373 | D:1      | XOM: draining
  4643 | D:1      | XOM: give mutations
  4643 | D:1      | Gained mutation: You are clumsy. (Dex -2) [Xom's mischief]
  4643 | D:1      | Gained mutation: Your flesh is almost immune to the effects
                  | of heat. (rF+++) [Xom's mischief]
  4643 | D:1      | Gained mutation: You possess an exceptional clarity of
                  | mind. [Xom's mischief]
  5448 | D:1      | XOM: summons 3 hostile shadow creatures
  5472 | D:2      | XOM: 2-stop teleportation journey
  5541 | D:2      | Found a shadowy altar of Dithmenos.
  5643 | D:2      | XOM: draining
  5668 | D:2      | XOM: chaos cloud
  5784 | D:2      | XOM: give mutations
  5784 | D:2      | Gained mutation: You are partially covered in iridescent
                  | scales. (AC +2) [Xom's mischief]
  5784 | D:2      | Gained mutation: You occasionally shout uncontrollably at
                  | your foes. [Xom's mischief]
  5784 | D:2      | Gained mutation: You occasionally lose the ability to read
                  | scrolls when taking damage. [Xom's mischief]
  6166 | D:2      | Reached XP level 4. HP: 21/29 MP: 0/0
  6491 | D:3      | XOM: enchant monster (good)
  6513 | D:3      | Killed from afar by an orc wizard

Illustrated notes

Levels and vault maps discovered:
D:1:      lemuel_arrival_river_ford, layout_basic,
          chequers_serial_rivers_micro_a, minmay_misc_feat_ornament,
          chequers_serial_rivers_micro_c
D:2:      layout_loops_corners, basic_altar
D:3:      layout_loops_ring, mainiacjoe_overflow_six_doors_small,
          minmay_quadrilaterals

Skill      XL: |  1  2  3  4 |
---------------+-------------+-----
Spellcasting   | 1 |  1.2
Conjurations   | 1 |  1.2
Hexes          | 1 |  1.2
Summonings     | 1 |  1.2
Necromancy     | 1 |  1.2
Translocations | 1 |  1.2
Fire Magic     | 1 |  1.2
Ice Magic      | 1 |  1.2
Air Magic      | 1 |  1.2
Earth Magic    | 1 |  1.2
Alchemy        | 1 |  1.2
Long Blades    | 3 |  3.0
Fighting       | |  3.3
Armour         | |  1.6
Dodging        | |  2.6
Shields        | |  0.2

Action                     |  1- 3 |  4- 6 || total
---------------------------+-------+-------++-------
  Melee: Falchion          |   129 |    20 ||   149
         Headbutt          |     3 |     1 ||     4
   Stab: Petrified         |     3 |     1 ||     4
         Petrifying        |     2 |       ||     2
         Confused          |     1 |       ||     1
 Armour: Leather armour    |    92 |    25 ||   117
  Dodge: Dodged            |   113 |     5 ||   118
  Block: Kite shield       |     7 |     4 ||    11

Table legend: (Time is in decaauts)
 A = Elapsed time spent in this place.
 B = Non-inter-level travel time spent in this place.
 C = Inter-level travel time spent in this place.
 D = Time resting spent in this place.
 E = Time spent auto-exploring this place.
 F = Levels seen in this place.
 G = Mean time per level.
                   A        B        C        D        E       F      G
               +--------+--------+--------+--------+--------+-----+--------+
         Total |   6538 |   6478 |     60 |   4647 |   1465 |   3 | 2179.3 |
       Dungeon |   6538 |   6478 |     60 |   4647 |   1465 |   3 | 2179.3 |
               +--------+--------+--------+--------+--------+-----+--------+

Top non-repeatable levels by time:
     D:1: 5462 daAuts
     D:2: 1047 daAuts
     D:3: 28 daAuts
